 Dungeon Crawl Stone Soup version 0.19-a0-1732-g0b18a7b (webtiles) character file.

30 Ijustatesigmund the Magician (level 3, 0/16 HPs)
             Began as a Spriggan Wizard on Sept 30, 2016.
             Killed from afar by an orc wizard (4 damage)
             ... with a magic dart
             ... on level 3 of the Dungeon.
             The game lasted 00:04:09 (1197 turns).

Ijustatesigmund the Magician (Spriggan Wizard)      Turns: 1197, Time: 00:04:09

Health: 0/16       AC:  2    Str:  3    XL:     3   Next: 3%
Magic:  2/10       EV: 18    Int: 20    God:
Gold:   36         SH:  0    Dex: 14    Spells: 3 memorised, 7 levels left

rFire  . . .     SeeInvis +     f - +0 short sword
rCold  . . .     Gourm    .     a - +0 robe
rNeg   . . .     Faith    .     (shield restricted)
rPois  .         Spirit   .     b - +0 hat
rElec  .         Dismiss  .     (no cloak)
rCorr  .         Reflect  .     (gloves unavailable)
MR     .....     Harm     .     (boots unavailable)
Stlth  ++........               (no amulet)
                                (no ring)
                                (no ring)

@: very slightly contaminated, repel missiles, very quick
A: unfitting armour, see invisible, herbivore 3, speed 3, slow metabolism 2
a: no special abilities


You were on level 3 of the Dungeon.
You were not hungry.

You visited 1 branch of the dungeon, and saw 3 of its levels.

You collected 36 gold pieces.

Inventory:

Hand Weapons
 f - a +0 short sword (weapon)
Armour
 a - a +0 robe (worn)
 b - a +0 hat (worn)
Potions
 e - a potion of heal wounds {unknown}
 g - 2 potions of lignification
 i - a potion of curing
Books
 c - a book of Minor Magic

   Spells                             Type                      Level
   a - Magic Dart                     Conjuration                  1
   b - Blink                          Translocation                2
   c - Call Imp                       Summoning                    2
   d - Repel Missiles                 Charms/Air                   2
   e - Slow                           Hexes                        2
   f - Conjure Flame                  Conjuration/Fire             3
   g - Mephitic Cloud                 Conjuration/Poison/Air       3
Comestibles
 d - a bread ration


   Skills:
 - Level 3.0 Dodging
 - Level 3.0 Stealth
 + Level 5.4 Spellcasting
 - Level 0.6 Conjurations
   Level 0.7 Summonings
 - Level 1.5 Translocations


You had 7 spell levels left.
You knew the following spells:

 Your Spells              Type           Power        Failure   Level  Hunger
a - Magic Dart            Conj           #...         12%         1    None
b - Blink                 Tloc           N/A          12%         2    None
c - Repel Missiles        Chrm/Air       #.....       21%         2    None


Dungeon Overview and Level Annotations

Branches:
Dungeon (3/15)

Altars:

Annotations:
D:3 4thArraOfDagon's ghost, weakling TrWn


Innate Abilities, Weirdness & Mutations

You are very small and have problems with some larger weapons.
You are too small for most types of armour.
You have supernaturally acute eyesight. (SInv)
You are a herbivore.
You cover ground extremely quickly.
You need consume almost no food.


Message History

The magic dart hits the orc wizard.
The orc wizard is lightly wounded.
An orc comes into view.
Casting: Magic Dart
Confirm with . or Enter, or press ? or * to list all spells.
Aiming: Magic Dart
Press: ? - help, Shift-Dir - straight line, f/p - orc wizard
Aim: an orc wizard, wielding a dagger and wearing a robe (lightly wounded)
The magic dart hits the orc wizard.
The orc wizard is moderately wounded.
The orc shouts!
The orc moves out of view.
The orc priest mumbles some strange prayers to Beogh against you.
Beogh smites you!
Ouch! That really hurt!
* * * LOW HITPOINT WARNING * * *
The orc wizard looks encouraged for a moment.
The orc wizard points at you and mumbles some strange words.
The magic dart hits you!
You die...

##.# .#.#
...###.
..#....
......#
##.#####..)..
..........#
#@.# #..#
.o.# #o#.# .o
.. ##. ... #$
.#. .. ##..


You could see an orc priest, an orc wizard and an orc.

Vanquished Creatures
  An orc (D:3)
  5 bats (D:1)
  2 giant cockroaches
  7 hobgoblins
  A quokka (D:2)
  A frilled lizard (D:1)
  4 goblins (D:1)
  2 kobolds (D:1)
  2 rats (D:1)
25 creatures vanquished.

Notes
Turn   | Place    | Note
-------+----------+-------------------------------------------
     0 | D:1      | Ijustatesigmund the Spriggan Wizard began the quest for the Orb.
     0 | D:1      | Reached XP level 1. HP: 9/9 MP: 6/6
   269 | D:1      | Reached XP level 2. HP: 11/13 MP: 4/8
   273 | D:1      | Learned a level 2 spell: Blink
   276 | D:1      | Learned a level 2 spell: Repel Missiles
   523 | D:2      | Reached skill level 5 in Spellcasting
   704 | D:3      | Noticed 4thArraOfDagon's ghost (weakling TrWn)
  1194 | D:3      | Reached XP level 3. HP: 16/16 MP: 3/10
  1197 | D:3      | Killed from afar by an orc wizard

Vault maps used:
D:1:      dpeg_arrival_boxorama, roderic_curled_sauvastika
D:2:      moated_statue

Skill      XL: |  1  2 |
---------------+-------+-----
Spellcasting   | 5 |  5.4
Dodging        | |  3.0
Stealth        | |  3.0
Conjurations   | |  0.6
Summonings     | |  0.7
Translocations | |  1.5

Action                   || total
-------------------------++-------
Melee: Short sword       ||     1
 Cast: Magic Dart        ||    64
       Repel Missiles    ||     1
  Use: Scroll            ||     7
 Stab: Sleeping          ||     1
Armor: Robe              ||     1
Dodge: Dodged            ||     7
